 Dungeon Crawl Stone Soup version 0.30.0-15-g856e2d3f33 (webtiles) character file.

Game seed: 3349495260320468213

23746 qw the Blocker (level 13, 0/80 HPs)
             Began as a Gargoyle Cinder Acolyte on May 18, 2023.
             Was an Initiate of Okawaru.
             Slain by Snorg (6 damage)
             ... on level 3 of the Lair of Beasts.
             The game lasted 00:07:18 (14315 turns).

qw the Blocker (Gargoyle Cinder Acolyte)           Turns: 14315, Time: 00:07:18

Health: 0/80       AC: 41    Str: 22    XL:     13   Next: 8%
Magic:  14/14      EV:  5    Int: 16    God:    Okawaru [......]
Gold:   705        SH: 16    Dex:  5    Spells: 14/14 levels left

rFire   . . .        Y - +4 war axe (protect)
rCold   . . .        l - +0 tower shield
rNeg    + . .        i - +0 plate armour
rPois   inf          o - +2 helmet
rElec   +            n - +0 cloak {rPois}
rCorr   .            f - +1 pair of gloves
SInv    +            (no boots)
Will    .....        j - amulet of regeneration Stlth
                     g - ring of see invisible
HPRegen 1.13/turn    k - +4 ring of protection
MPRegen 0.14/turn

%: no passive effects
@: about to teleport, under a protective aura, fire susceptible
A: sickness immunity, AC +9, negative energy resistance 1, electricity
resistance, torment resistance 1, petrification resistance
a: Renounce Religion


You were on level 3 of the Lair of Beasts.
You worshipped Okawaru.
Okawaru was noncommittal.
You visited 2 branches of the dungeon, and saw 15 of its levels.

You collected 1089 gold pieces.
You spent 384 gold pieces at shops.


Innate Abilities, Weirdness & Mutations

You are immune to sickness and miasma.
Your stone body is resilient. (AC +9)
You are immune to poison.
You resist negative energy. (rN+)
You are resistant to electric shocks. (rElec)
You are resistant to unholy torment.
You are immune to petrification.


   Skills:
 - Level 9.0 Fighting
 - Level 12.0 Axes
 - Level 1.7 Throwing
 - Level 9.0 Armour
 - Level 1.2 Dodging
 + Level 14.4 Shields
 - Level 1.0 Spellcasting
 - Level 3.0 Fire Magic


You had 14 spell levels left.
You didn't know any spells.
Your spell library contained the following spells:

 Spells                   Type           Power      Damage    Failure   Level
 Scorch                   Fire           20%        2d5       99%         2

Inventory:

Hand Weapons
 c - a +4 hand axe of flaming
 Y - a +4 war axe of protection (weapon)
Missiles
 p - 16 boomerangs (quivered)
Armour
 f - a +1 pair of gloves (worn)
 i - a +0 plate armour (worn)
 l - a +0 tower shield (worn)
 n - a +0 cloak of poison resistance (worn)
 o - a +2 helmet (worn)
Jewellery
 d - a ring of protection from fire
 g - a ring of see invisible (left hand)
 j - an amulet of regeneration (around neck)
 k - a +4 ring of protection (right hand)
 r - a +6 ring of strength
Wands
 t - a wand of digging (8)
Scrolls
 a - 7 scrolls of identify
 s - 5 scrolls of teleportation
Potions
 b - 4 potions of cancellation
 e - 3 potions of haste
 h - a potion of might
 m - a potion of mutation
 q - 8 potions of curing
 u - a potion of resistance
 w - a potion of magic

Dungeon Overview and Level Annotations

Branches:
Dungeon (11/15)            Temple (0/1) D:7            Lair (4/5) D:11
 Shoals (0/4) Lair:2       Spider (0/4) Lair:3
  Slime: Lair:4-5       Orc: D:9-12

Altars:
Ashenzari
Dithmenos
Elyvilon
Fedhas
Hepliaklqana
Makhleb
Okawaru
Qazlal
Uskayaw
Vehumet
Wu Jian
Xom
Zin

Shops:
D:1 [   D:4 [   D:5 *   D:6 (   D:7 *

Annotations:
D:10 Urug
Lair:3 Snorg


Message History

Snorg bites you but does no damage. Snorg claws you. You block Snorg's attack.
You hit Snorg.
Snorg is severely wounded.
Snorg looks more energetic.
Snorg goes berserk!
You hit Snorg.
Snorg is severely wounded.
Snorg bites you! Snorg claws you but does no damage. You block Snorg's attack.
Snorg bites you but does no damage. Snorg barely misses you. Snorg claws you!
14305 ||| READING 7 scrolls of teleportation.
As you read the scroll of teleportation, it crumbles to dust.
You feel strangely unstable. You block Snorg's attack. Snorg claws you.
Snorg claws you but does no damage.
14306 ||| DRINKING potion of heal wounds.
You feel much better. Snorg bites you! You block Snorg's attack.
Snorg claws you but does no damage. Snorg bites you! You block Snorg's attack.
Snorg claws you but does no damage.
You slash Snorg!
Snorg is almost dead.
Your surroundings suddenly seem different.
You start resting.
You hear a shout!
Snorg is nearby!
You are too injured to fight recklessly!
You are too injured to fight recklessly!
You are too injured to fight recklessly!
Snorg barely misses you. Snorg claws you but does no damage.
Snorg completely misses you.
You slash Snorg!
Your weapon exudes an aura of protection.
Snorg is almost dead.
You block Snorg's attack. x3; Snorg bites you!!
Snorg claws you. x2
14314 ||| READING 6 scrolls of teleportation.
As you read the scroll of teleportation, it crumbles to dust.
You feel strangely unstable. Snorg bites you but does no damage.
Snorg claws you but does no damage. You block Snorg's attack.
You closely miss Snorg.
Snorg is almost dead.
Snorg bites you but does no damage. Snorg claws you.
You die...

..#...)...#####..ยค%..##..#
#..... .P##...P.## ##.........#
##.... .###....##
###.........###..... ## #P....#
##............###.... ## ##P...##
#.#............##.... .###......#
##..................#
..........###..........####......
......#.........T.......# ###...#
.#.#..#...##.#..@.##....###P#....
#.###.#.#.###.....#....>.........
### #....## ##...................
#.# ##.### ##.......~...#.......
..###..# #....~~~~~~~.#.:.##..
..#....# ##....~~~~~~~~....###.
.......# ##....~~~~~~~~~....# ##
......#####.....~~~~~.~~~.#..####
........#......~~~~.<.~~~.#.!##.#


You could see Snorg (berserk).

Vanquished Creatures
  A hydra (Lair:3)
  Maurice (D:9)
  2 black mambas
  6 elephants (Lair:3)
  3 merfolk sirens (Lair:2)
  4 cane toads
  A rime drake (Lair:3)
  2 unseen horrors
  A kobold demonologist (D:11)
  5 komodo dragons
  2 polar bears
  7 dream sheep (Lair:3)
  Grinder (D:5)
  11 blink frogs
  A wraith (D:9)
  3 wyverns
  2 steam dragons
  29 yaks
  A basilisk (Lair:3)
  Menkaure (D:6)
  4 vampire mosquitoes (D:10)
  Edmund (D:6)
  5 water moccasins
  An acid dragon (D:9)
  3 black bears
  A sky beast (D:6)
  An orc warrior (D:11)
  An ogre (D:5)
  An ice beast (D:7)
  14 wolves
  6 centaurs
  3 kobold brigands
  6 bullfrogs
  2 gnoll sergeants
  3 scorpions
  8 wights
  21 killer bees
  3 electric eels (D:9)
  A howler monkey (D:9)
  2 jellies
  4 orc priests
  A hound (D:4)
  An iguana (D:7)
  8 orc wizards
  14 gnolls
  8 adders
  3 white imps
  3 ufetubi
  2 worms
  5 dart slugs
  30 orcs
  7 endoplasms
  A giant cockroach (D:2)
  10 goblins
  7 hobgoblins
  8 jackals
  3 quokkas
  5 ball pythons
  5 bats
  2 frilled lizards
  20 kobolds
  7 rats
325 creatures vanquished.

Vanquished Creatures (others)
  An orc wizard (D:7)
1 creature vanquished.

Grand Total: 326 creatures vanquished

Notes
Turn   | Place    | Note
-------+----------+-------------------------------------------
     0 | D:1      | qw the Gargoyle Cinder Acolyte began the quest for the Orb.
     0 | D:1      | Reached XP level 1. HP: 14/14 MP: 2/2
     0 | D:1      | 0 ||| qw: Version: 0.2-a-95-gc95f03d
     0 | D:1      | 0 ||| qw: Game counter: 64
     0 | D:1      | 0 ||| qw: Always use a shield: true
     0 | D:1      | 0 ||| qw: God list: Okawaru
     0 | D:1      | 0 ||| qw: Allow faded altars: false
     0 | D:1      | 0 ||| qw: Do Orc after D:15 true
     0 | D:1      | 0 ||| qw: Do second Lair branch before Depths: true
     0 | D:1      | 0 ||| qw: Lair rune preference: random
     0 | D:1      | 0 ||| qw: Plans: Normal
     0 | D:1      | 0 ||| PLANNING D:1-11
   102 | D:1      | Reached skill level 3 in Axes
   108 | D:1      | 108 ||| Stepping ~*~*~tactically~*~*~ (hiding).
   120 | D:1      | 120 ||| INVOKING Fiery Armour.
   198 | D:1      | 198 ||| Stepping ~*~*~tactically~*~*~ (stealth).
   199 | D:1      | Reached XP level 2. HP: 19/19 MP: 3/3
   199 | D:1      | 199 ||| Stepping ~*~*~tactically~*~*~ (stealth).
   202 | D:1      | 202 ||| Stepping ~*~*~tactically~*~*~ (hiding).
   203 | D:1      | 203 ||| Stepping ~*~*~tactically~*~*~ (hiding).
   231 | D:1      | 231 ||| Stepping ~*~*~tactically~*~*~ (stealth).
   233 | D:1      | 233 ||| Stepping ~*~*~tactically~*~*~ (stealth).
   251 | D:1      | 251 ||| Stepping ~*~*~tactically~*~*~ (stealth).
   371 | D:1      | 371 ||| Stepping ~*~*~tactically~*~*~ (hiding).
   372 | D:1      | 372 ||| Stepping ~*~*~tactically~*~*~ (hiding).
   373 | D:1      | 373 ||| Stepping ~*~*~tactically~*~*~ (hiding).
   375 | D:1      | 375 ||| Stepping ~*~*~tactically~*~*~ (hiding).
   582 | D:1      | Reached XP level 3. HP: 23/23 MP: 4/4
   584 | D:1      | Found Loym's Antique Armour Shop.
   590 | D:1      | 590 ||| BUYING leather armour (52 gold).
   590 | D:1      | Bought a leather armour for 52 gold pieces
  1153 | D:1      | 1153 ||| UPGRADING to +0 leather armour.
  1163 | D:1      | 1163 ||| DROPPING +0 robe.
  1164 | D:1      | 1164 ||| UPGRADING to +0 plate armour.
  1174 | D:1      | 1174 ||| DROPPING +0 leather armour.
  1175 | D:1      | 1175 ||| DROPPING +6 ring of intelligence.
  1176 | D:1      | 1176 ||| READING 3 scrolls labelled OSSURO SIKK.
  1177 | D:1      | 1177 ||| READING scroll labelled NIYXOI OFIZEU.
  1178 | D:1      | 1178 ||| READING scroll labelled NAEL LAUSHAT.
  1181 | D:1      | 1181 ||| READING scroll labelled ORCHILL KUQEESS.
  1198 | D:1      | 1198 ||| READING scroll labelled WUJUSHR FOABORR.
  1199 | D:1      | 1199 ||| READING 2 scrolls of identify.
  1199 | D:1      | 1199 ||| IDENTIFYING smoky white potion
  1200 | D:1      | 1200 ||| DROPPING potion of brilliance.
  1225 | D:2      | Found a shimmering altar of Xom.
  1278 | D:2      | Reached skill level 1 in Armour
  1283 | D:2      | Found a faded altar of an unknown god.
  1505 | D:2      | 1505 ||| INVOKING Fiery Armour.
  1517 | D:2      | Reached XP level 4. HP: 25/28 MP: 5/5
  1594 | D:2      | 1594 ||| Stepping ~*~*~tactically~*~*~ (stealth).
  1721 | D:2      | 1721 ||| Stepping ~*~*~tactically~*~*~ (hiding).
  1738 | D:2      | 1738 ||| Stepping ~*~*~tactically~*~*~ (hiding).
  1965 | D:2      | 1965 ||| UPGRADING to +0 pair of gloves.
  1970 | D:2      | 1970 ||| UPGRADING to ring of positive energy.
  1971 | D:2      | 1971 ||| READING scroll labelled QYRASTR AGAIFF.
  2072 | D:2      | 2072 ||| READING scroll labelled RESMAA XUDUA.
  2073 | D:2      | 2073 ||| READING 2 scrolls of identify.
  2073 | D:2      | 2073 ||| IDENTIFYING smoky red potion
  2232 | D:3      | Found a radiant altar of Vehumet.
  2243 | D:3      | Reached XP level 5. HP: 32/32 MP: 6/6
  2268 | D:3      | 2268 ||| READING scroll of enchant armour.
  2268 | D:3      | 2268 ||| ENCHANTING +0 pair of gloves.
  2398 | D:3      | Found a shadowy altar of Dithmenos.
  2401 | D:3      | Found a broken altar of Ashenzari.
  2406 | D:3      | Found an iron altar of Okawaru.
  2683 | D:3      | 2683 ||| UPGRADING to +2 helmet.
  2688 | D:3      | 2688 ||| READING scroll labelled XONIELOSEY.
  2689 | D:3      | 2689 ||| READING scroll labelled UREOGORPH LAXUSU.
  2690 | D:3      | 2690 ||| DRINKING 2 dark potions.
  2691 | D:3      | 2691 ||| READING 2 scrolls of identify.
  2691 | D:3      | 2691 ||| IDENTIFYING bubbling black potion
  2692 | D:3      | 2692 ||| DROPPING potion of invisibility.
  2693 | D:3      | 2693 ||| DROPPING potion of flight.
  2828 | D:4      | 2828 ||| Stepping ~*~*~tactically~*~*~ (hiding).
  2863 | D:4      | 2863 ||| Stepping ~*~*~tactically~*~*~ (hiding).
  2901 | D:4      | 2901 ||| Stepping ~*~*~tactically~*~*~ (hiding).
  3099 | D:4      | 3099 ||| Stepping ~*~*~tactically~*~*~ (hiding).
  3147 | D:4      | Found Ustrorixt's Antique Armour Emporium.
  3150 | D:4      | 3150 ||| BUYING buckler (94 gold).
  3150 | D:4      | Bought a buckler for 94 gold pieces
  3150 | D:4      | 3150 ||| SHOPLISTING glowing cloak (157 gold, have 108).
  3150 | D:4      | 3150 ||| SHOPLISTING glowing scarf (168 gold, have 108).
  3150 | D:4      | 3150 ||| SHOPLISTING runed chain mail (157 gold, have 108).
  3305 | D:4      | Reached skill level 3 in Armour
  3386 | D:4      | 3386 ||| Stepping ~*~*~tactically~*~*~ (hiding).
  3783 | D:4      | 3783 ||| Stepping ~*~*~tactically~*~*~ (stealth).
  4101 | D:4      | 4101 ||| UPGRADING to +0 buckler.
  4106 | D:4      | 4106 ||| READING 3 scrolls labelled HAUXKYZINK.
  4107 | D:4      | 4107 ||| READING 2 scrolls of enchant weapon.
  4107 | D:4      | 4107 ||| ENCHANTING +0 hand axe of flaming.
  4108 | D:4      | 4108 ||| READING scroll of enchant weapon.
  4108 | D:4      | 4108 ||| ENCHANTING +1 hand axe of flaming.
  4109 | D:4      | 4109 ||| READING scroll labelled CERCHU WAOPPAHA.
  4110 | D:4      | 4110 ||| READING 5 scrolls of identify.
  4110 | D:4      | 4110 ||| IDENTIFYING ruby potion
  4111 | D:4      | 4111 ||| READING 4 scrolls of identify.
  4111 | D:4      | 4111 ||| IDENTIFYING viscous yellow potion
  4112 | D:4      | 4112 ||| READING 3 scrolls of identify.
  4112 | D:4      | 4112 ||| IDENTIFYING clear potion
  4113 | D:4      | 4113 ||| READING 2 scrolls of identify.
  4113 | D:4      | 4113 ||| IDENTIFYING inky potion
  4114 | D:4      | 4114 ||| DROPPING potion of degeneration.
  4115 | D:4      | 4115 ||| DROPPING potion of attraction.
  4140 | D:5      | Entered Level 5 of the Dungeon
  4175 | D:5      | Found Qaj Ipt's Mass Market.
  4185 | D:5      | 4185 ||| BUYING +0 tower shield (63 gold).
  4185 | D:5      | Bought a +0 tower shield for 63 gold pieces
  4185 | D:5      | 4185 ||| SHOPLISTING +2 tower shield (231 gold, have 57).
  4185 | D:5      | 4185 ||| SHOPLISTING +2 tower shield of reflection (259
                  | gold, have 57).
  4227 | D:5      | Reached skill level 1 in Shields
  4232 | D:5      | Noticed an ogre
  4239 | D:5      | Killed an ogre
  4240 | D:5      | Reached skill level 2 in Shields
  4240 | D:5      | Reached XP level 6. HP: 27/37 MP: 7/7
  4281 | D:5      | 4281 ||| Stepping ~*~*~tactically~*~*~ (stealth).
  4283 | D:5      | 4283 ||| Stepping ~*~*~tactically~*~*~ (stealth).
  4287 | D:5      | 4287 ||| Stepping ~*~*~tactically~*~*~ (stealth).
  4295 | D:5      | Noticed Grinder
  4296 | D:5      | 4296 ||| INVOKING Fiery Armour.
  4304 | D:5      | Killed Grinder
  4305 | D:5      | Reached XP level 7. HP: 12/44 MP: 8/8
  4306 | D:5      | HP: 8/44 [gnoll/+0 spear (4)]
  4307 | D:5      | 4307 ||| READING scroll of teleportation.
  4447 | D:5      | Found an ornate altar of the Wu Jian Council.
  4737 | D:5      | 4737 ||| Stepping ~*~*~tactically~*~*~ (hiding).
  5001 | D:5      | 5001 ||| UPGRADING to +0 tower shield.
  5011 | D:5      | 5011 ||| DROPPING +0 buckler.
  5012 | D:5      | 5012 ||| UPGRADING to +4 ring of protection.
  5013 | D:5      | 5013 ||| READING scroll labelled FOWOMI NOFANG.
  5014 | D:5      | 5014 ||| READING 2 scrolls of identify.
  5014 | D:5      | 5014 ||| IDENTIFYING yellow potion
  5063 | D:6      | 5063 ||| DRINKING 2 potions of curing.
  5063 | D:6      | 5063 ||| (to cure confusion)
  5069 | D:6      | Reached skill level 3 in Shields
  5141 | D:6      | Reached skill level 4 in Shields
  5198 | D:6      | Noticed Menkaure
  5200 | D:6      | 5200 ||| Stepping ~*~*~tactically~*~*~ (hiding).
  5200 | D:6      | Noticed Edmund
  5202 | D:6      | 5202 ||| Stepping ~*~*~tactically~*~*~ (hiding).
  5203 | D:6      | 5203 ||| Stepping ~*~*~tactically~*~*~ (hiding).
  5204 | D:6      | 5204 ||| INVOKING Fiery Armour.
  5211 | D:6      | Killed Menkaure
  5212 | D:6      | Reached skill level 5 in Shields
  5212 | D:6      | Reached XP level 8. HP: 30/49 MP: 9/9
  5227 | D:6      | Killed Edmund
  5228 | D:6      | Reached skill level 6 in Shields
  5392 | D:6      | 5392 ||| Stepping ~*~*~tactically~*~*~ (hiding).
  5413 | D:6      | Reached skill level 7 in Shields
  5675 | D:6      | Found Qavionuc's Weapon Emporium.
  5858 | D:6      | 5858 ||| UPGRADING to ring of willpower.
  5860 | D:6      | 5860 ||| UPGRADING to +6 ring of strength.
  5862 | D:6      | 5862 ||| DROPPING ring of positive energy.
  5863 | D:6      | 5863 ||| DROPPING ring of willpower.
  5864 | D:6      | 5864 ||| READING scroll labelled RASHOE XISCHAALL.
  5864 | D:6      | Identified a scroll of acquirement
  5864 | D:6      | 5864 ||| ACQUIRING ring of protection from fire
  5864 | D:6      | Acquired a ring of protection from fire
  5865 | D:6      | 5865 ||| DRINKING 2 silvery potions.
  5866 | D:6      | 5866 ||| READING 2 scrolls of identify.
  5866 | D:6      | 5866 ||| IDENTIFYING red potion
  5867 | D:6      | 5867 ||| DROPPING potion of lignification.
  5868 | D:6      | 5868 ||| DROPPING potion of magic.
  6019 | D:7      | 6019 ||| STAIRDANCE
  6022 | D:6      | Reached skill level 8 in Shields
  6203 | D:7      | Found Naeguang's Assorted Antiques.
  6208 | D:7      | 6208 ||| BUYING granite ring (125 gold).
  6208 | D:7      | Bought a granite ring for 125 gold pieces
  6208 | D:7      | 6208 ||| SHOPLISTING pair of boots (112 gold, have 80).
  6208 | D:7      | 6208 ||| SHOPLISTING potion of heal wounds (125 gold, have
                  | 80).
  6208 | D:7      | 6208 ||| BUYING scroll of identify (50 gold).
  6208 | D:7      | Bought a scroll of identify for 50 gold pieces
  6260 | D:7      | Found a staircase to the Ecumenical Temple.
  6284 | D:7      | 6284 ||| Stepping ~*~*~tactically~*~*~ (stealth).
  6285 | D:7      | 6285 ||| INVOKING Fiery Armour.
  6299 | D:7      | Reached skill level 9 in Shields
  6299 | D:7      | Reached XP level 9. HP: 53/54 MP: 10/10
  6314 | D:7      | Found a stormy altar of Qazlal.
  6347 | D:7      | Reached skill level 6 in Axes
  6384 | D:7      | 6384 ||| Stepping ~*~*~tactically~*~*~ (hiding).
  6667 | D:7      | Reached skill level 10 in Shields
  6687 | D:7      | Found a burning altar of Makhleb.
  6702 | D:7      | Found a glowing silver altar of Zin.
  6705 | D:7      | Found a shimmering altar of Xom.
  6705 | D:7      | Found a hide-covered altar of Uskayaw.
  6713 | D:7      | Found a blossoming altar of Fedhas.
  6729 | D:7      | 6729 ||| READING scroll of enchant weapon.
  6729 | D:7      | 6729 ||| ENCHANTING +2 hand axe of flaming.
  6854 | D:7      | 6854 ||| UPGRADING to amulet of regeneration.
  6859 | D:7      | 6859 ||| UPGRADING to ring of see invisible.
  6861 | D:7      | 6861 ||| READING scroll labelled NIGEORROACE.
  6862 | D:7      | 6862 ||| READING 2 scrolls of identify.
  6862 | D:7      | 6862 ||| IDENTIFYING metallic purple potion
  6863 | D:7      | 6863 ||| DROPPING potion of berserk rage.
  6920 | D:8      | 6920 ||| Stepping ~*~*~tactically~*~*~ (hiding).
  6922 | D:8      | 6922 ||| Stepping ~*~*~tactically~*~*~ (hiding).
  6955 | D:8      | Found a flagged portal.
  6994 | D:8      | 6994 ||| Stepping ~*~*~tactically~*~*~ (hiding).
  7148 | D:8      | 7148 ||| Stepping ~*~*~tactically~*~*~ (hiding).
  7153 | D:8      | 7153 ||| DRINKING 2 potions of curing.
  7153 | D:8      | 7153 ||| (to cure confusion)
  7310 | D:8      | Reached skill level 1 in Throwing
  7366 | D:8      | 7366 ||| Stepping ~*~*~tactically~*~*~ (stealth).
  7386 | D:8      | 7386 ||| Stepping ~*~*~tactically~*~*~ (stealth).
  7395 | D:8      | Reached XP level 10. HP: 59/59 MP: 11/11
  7491 | D:8      | Identified the +3 ring mail of Death's Door {+Inv rC-
                  | Regen+}
  7544 | D:8      | 7544 ||| Stepping ~*~*~tactically~*~*~ (hiding).
  7546 | D:8      | 7546 ||| Stepping ~*~*~tactically~*~*~ (hiding).
  7746 | D:8      | 7746 ||| DROPPING ring of protection from cold.
  7747 | D:8      | 7747 ||| READING 2 scrolls of identify.
  7747 | D:8      | 7747 ||| IDENTIFYING cyan potion
  7903 | D:9      | 7903 ||| Stepping ~*~*~tactically~*~*~ (hiding).
  7911 | D:9      | Reached skill level 11 in Shields
  7968 | D:9      | 7968 ||| Stepping ~*~*~tactically~*~*~ (stealth).
  7970 | D:9      | 7970 ||| Stepping ~*~*~tactically~*~*~ (hiding).
  7976 | D:9      | 7976 ||| Stepping ~*~*~tactically~*~*~ (hiding).
  7980 | D:9      | 7980 ||| DRINKING potion of curing.
  7980 | D:9      | 7980 ||| (to cure confusion)
  8029 | D:9      | 8029 ||| Stepping ~*~*~tactically~*~*~ (stealth).
  8032 | D:9      | 8032 ||| Stepping ~*~*~tactically~*~*~ (stealth).
  8034 | D:9      | 8034 ||| Stepping ~*~*~tactically~*~*~ (hiding).
  8094 | D:9      | 8094 ||| INVOKING Fiery Armour.
  8097 | D:9      | HP: 14/59 [yak (5)]
  8098 | D:9      | 8098 ||| READING 5 scrolls of teleportation.
  8099 | D:9      | 8099 ||| DRINKING 2 potions of heal wounds.
  8154 | D:9      | Reached skill level 6 in Fighting
  8160 | D:9      | Found a hazy altar of Hepliaklqana.
  8185 | D:9      | 8185 ||| Stepping ~*~*~tactically~*~*~ (hiding).
  8258 | D:9      | 8258 ||| READING scroll of enchant weapon.
  8258 | D:9      | 8258 ||| ENCHANTING +3 hand axe of flaming.
  8287 | D:9      | Noticed Maurice
  8308 | D:9      | Killed Maurice
  8309 | D:9      | Reached skill level 9 in Axes
  8319 | D:9      | 8319 ||| SWAPPING to +0 war axe.
  8356 | D:9      | 8356 ||| INVOKING Fiery Armour.
  8384 | D:9      | 8384 ||| Stepping ~*~*~tactically~*~*~ (stealth).
  8386 | D:9      | 8386 ||| Stepping ~*~*~tactically~*~*~ (hiding).
  8388 | D:9      | 8388 ||| Stepping ~*~*~tactically~*~*~ (hiding).
  8607 | D:9      | 8607 ||| Stepping ~*~*~tactically~*~*~ (stealth).
  8609 | D:9      | 8609 ||| Stepping ~*~*~tactically~*~*~ (stealth).
  8611 | D:9      | 8611 ||| Stepping ~*~*~tactically~*~*~ (stealth).
  8613 | D:9      | 8613 ||| Stepping ~*~*~tactically~*~*~ (stealth).
  8649 | D:9      | Reached skill level 12 in Shields
  8657 | D:9      | Reached XP level 11. HP: 44/64 MP: 12/12
  8936 | D:9      | 8936 ||| UPGRADING to +0 cloak of poison resistance.
  8973 | D:10     | Entered Level 10 of the Dungeon
  8991 | D:10     | Noticed Urug
  8992 | D:10     | 8992 ||| INVOKING Fiery Armour.
  8995 | D:10     | Reached skill level 6 in Armour
  9016 | D:10     | HP: 14/64 [Urug/+7 eveningstar (14)]
  9017 | D:10     | 9017 ||| READING 4 scrolls of teleportation.
  9018 | D:10     | 9018 ||| DRINKING potion of heal wounds.
  9051 | D:10     | 9051 ||| Stepping ~*~*~tactically~*~*~ (stealth).
  9053 | D:10     | 9053 ||| Stepping ~*~*~tactically~*~*~ (hiding).
  9201 | D:10     | 9201 ||| READING scroll of enchant weapon.
  9201 | D:10     | 9201 ||| ENCHANTING +0 war axe.
  9291 | D:10     | 9291 ||| INVOKING Fiery Armour.
  9384 | D:10     | 9384 ||| Stepping ~*~*~tactically~*~*~ (hiding).
  9890 | D:10     | 9890 ||| READING scroll labelled ORRETTINOO.
 10094 | D:11     | 10094 ||| Stepping ~*~*~tactically~*~*~ (stealth).
 10149 | D:11     | Found a staircase to the Lair.
 10379 | D:11     | 10379 ||| Stepping ~*~*~tactically~*~*~ (stealth).
 10442 | D:11     | 10442 ||| READING scroll of enchant weapon.
 10442 | D:11     | 10442 ||| ENCHANTING +1 war axe of draining.
 10658 | D:11     | 10658 ||| PLANNING LAIR
 10658 | D:11     | 10658 ||| READING scroll labelled XAENINAKHLA.
 10684 | Lair:1   | Entered Level 1 of the Lair of Beasts
 10721 | Lair:1   | Reached skill level 13 in Shields
 10981 | Lair:1   | 10981 ||| INVOKING Fiery Armour.
 11179 | Lair:1   | 11179 ||| Stepping ~*~*~tactically~*~*~ (stealth).
 11180 | Lair:1   | 11180 ||| Stepping ~*~*~tactically~*~*~ (stealth).
 11191 | Lair:1   | Reached XP level 12. HP: 73/73 MP: 13/13
 11313 | Lair:1   | 11313 ||| READING scroll of enchant weapon.
 11313 | Lair:1   | 11313 ||| ENCHANTING +2 war axe of draining.
 11470 | Lair:1   | 11470 ||| DROPPING amulet of guardian spirit.
 11477 | Lair:2   | 11477 ||| INVOKING Fiery Armour.
 11510 | Lair:2   | 11510 ||| Stepping ~*~*~tactically~*~*~ (stealth).
 11611 | Lair:2   | Identified the +0 ring mail "Denez" {Rampage Slay+2}
 11649 | Lair:2   | 11649 ||| READING scroll of enchant weapon.
 11649 | Lair:2   | 11649 ||| ENCHANTING +3 war axe of draining.
 11671 | Lair:2   | 11671 ||| Stepping ~*~*~tactically~*~*~ (stealth).
 11767 | Lair:2   | Reached skill level 1 in Dodging
 11845 | Lair:2   | Found a staircase to the Shoals.
 11908 | Lair:2   | 11908 ||| READING scroll of brand weapon.
 11908 | Lair:2   | 11908 ||| BRANDING +4 war axe of draining.
 12384 | Lair:2   | 12384 ||| READING 6 scrolls of identify.
 12384 | Lair:2   | 12384 ||| IDENTIFYING blue potion
 12409 | Lair:3   | 12409 ||| PLANNING GAUNTLET
 12409 | Lair:3   | 12409 ||| Stepping ~*~*~tactically~*~*~ (hiding).
 12421 | Lair:3   | 12421 ||| Stepping ~*~*~tactically~*~*~ (stealth).
 12425 | Lair:3   | 12425 ||| Stepping ~*~*~tactically~*~*~ (stealth).
 12427 | Lair:3   | 12427 ||| Stepping ~*~*~tactically~*~*~ (stealth).
 12428 | Lair:3   | 12428 ||| INVOKING Fiery Armour.
 12438 | Lair:3   | Reached skill level 9 in Fighting
 12533 | Lair:3   | Noticed a four-headed hydra
 12536 | Lair:3   | 12536 ||| SWAPPING to +4 hand axe of flaming.
 12543 | Lair:3   | Killed a one-headed hydra
 12544 | Lair:3   | Reached skill level 14 in Shields
 12544 | Lair:3   | 12544 ||| SWAPPING to +4 war axe of protection.
 12583 | Lair:3   | 12583 ||| Stepping ~*~*~tactically~*~*~ (stealth).
 12742 | Lair:3   | 12742 ||| Stepping ~*~*~tactically~*~*~ (stealth).
 12774 | Lair:3   | Reached skill level 12 in Axes
 12786 | Lair:3   | Reached XP level 13. HP: 33/80 MP: 14/14
 12848 | Lair:3   | Found a hole to the Spider Nest.
 12913 | Lair:3   | 12913 ||| RIP GAUNTLET
 13019 | Lair:3   | 13019 ||| PLANNING OKAWARU WORSHIP
 13268 | D:3      | Fell from the grace of Ignis
 13268 | D:3      | Became a worshipper of Warmaster Okawaru
 13268 | D:3      | 13268 ||| PLANNING LAIR
 13606 | Lair:3   | Found a white marble altar of Elyvilon.
 13652 | Lair:3   | Reached skill level 9 in Armour
 14249 | Lair:3   | 14249 ||| READING scroll labelled ENUXOU AXAKIC.
 14269 | Lair:4   | Noticed Snorg
 14276 | Lair:4   | 14276 ||| STAIRDANCE
 14304 | Lair:3   | HP: 18/80 [Snorg (8)]
 14305 | Lair:3   | 14305 ||| READING 7 scrolls of teleportation.
 14306 | Lair:3   | 14306 ||| DRINKING potion of heal wounds.
 14313 | Lair:3   | HP: 7/80 [Snorg (19)]
 14313 | Lair:3   | HP: 3/80 [Snorg (3)]
 14314 | Lair:3   | 14314 ||| READING 6 scrolls of teleportation.
 14315 | Lair:3   | Slain by Snorg

Levels and vault maps discovered:
D:1:      mrwooster_arrival_statue_2, layout_basic, serial_shops, shop
D:2:      layout_loops_ring, ebering_ecumenical_altar_rust, basic_altar,
          minmay_unequal
D:3:      layout_loops_ring, mainiacjoe_overflow_concentric_impassable,
          grunt_temple_overflow_diamond
D:4:      layout_layer_cave, serial_shops, nicolae_shop_pleasant_corner_grove
D:5:      layout_loops_ring, pdpol_wu_jian_five_deadly_venoms, minmay_shop_mass,
          uniq_grinder
D:6:      layout_basic, serial_shops, nicolae_shop_hallway_stairs,
          lemuel_flame_loot_1, uniq_menkaure, uniq_edmund
D:7:      layout_basic, nicolae_overflow_hallway_of_the_gods,
          amcnicky_altar_gilded, minmay_temple_entry_junction, serial_shops,
          shop_fountains
D:8:      layout_basic, enter_bailey_5
D:9:      layout_cave_pools, nicolae_hepliaklqana_hippocampus, serial_bayou,
          serial_bayou_pond_d, serial_bayou_shore_a, serial_bayou_pond_b,
          serial_bayou_pond_c, uniq_maurice
D:10:     layout_long_grid, hangedman_abyss_or_decor_clamps, minmay_hedge_maze,
          kennysheep_generic_room_8, uniq_urug
D:11:     layout_roguey, grunt_lair_entry_orc_guard_hut
Lair:1:   layout_hall_layers
Lair:2:   layout_regular_city, elwin_shoals_entry_rooms
Lair:3:   layout_layer_cave, spider_nest_entry_web_field, basic_altar,
          gauntlet_entry_generic, amcnicky_mini_pool_medium,
          infiniplex_staircase_pool_2
Lair:4:   layout_roguey, uniq_snorg

Skill      XL: |  1  2  3  4  5  6  7  8  9 10 11 12 13 |
---------------+----------------------------------------+-----
Axes           | 3 4 5 7 9 10 12 | 12.0
Armour         | 2 3 4 5 8 9 |  9.0
Shields        | 2 5 9 10 12 13 14 | 14.4
Fighting       | 5 6 8 9 |  9.0
Throwing       | 1 |  1.7
Dodging        | 1 |  1.2
Spellcasting   | |  1.0
Fire Magic     | |  3.0

Action                     |  1- 3 |  4- 6 |  7- 9 | 10-12 | 13-15 || total
---------------------------+-------+-------+-------+-------+-------++-------
  Melee: Hand axe          |   109 |   175 |   344 |   148 |       ||   776
         War axe           |       |       |       |   536 |    68 ||   604
  Throw: Boomerang         |       |    21 |    34 |   100 |     5 ||   160
 Invoke: Fiery Armour      |     2 |     1 |     2 |     7 |       ||    12
    Use: Scroll            |     6 |    15 |     8 |    12 |     3 ||    44
         Potion            |       |     1 |     3 |     3 |     1 ||     8
 Armour: Robe              |    28 |       |       |       |       ||    28
         Plate armour      |    16 |   133 |   292 |   542 |    76 ||  1059
  Dodge: Dodged            |    50 |    50 |    51 |   132 |    28 ||   311
  Block: Buckler           |       |     2 |     6 |       |       ||     8
         Tower shield      |       |       |   237 |   642 |    87 ||   966

Table legend:
 A = Non-vault XP
 B = Vault XP
 C = Vault XP percentage of total XP
 D = Non-vault monster count
 E = Vault monster count
 F = Vault count percentage of total count
                 A         B        C        D         E       F
            +---------+---------+-------+---------+---------+-------
      Total |   30066 |    3858 |  11.4 |     302 |      23 |   7.1
            +---------+---------+-------+---------+---------+-------
        D:1 |      44 |       0 |   0.0 |      28 |       0 |   0.0
        D:2 |     102 |       8 |   7.3 |      22 |       3 |  12.0
        D:3 |      48 |       0 |   0.0 |      12 |       0 |   0.0
        D:4 |      82 |       0 |   0.0 |      14 |       0 |   0.0
        D:5 |     362 |     267 |  42.4 |      17 |       1 |   5.6
        D:6 |     779 |     335 |  30.1 |      14 |       2 |  12.5
        D:7 |    1156 |       0 |   0.0 |      32 |       0 |   0.0
        D:8 |    1937 |       7 |   0.4 |      29 |       4 |  12.1
        D:9 |    3600 |     747 |  17.2 |      33 |       3 |   8.3
       D:10 |    2274 |       0 |   0.0 |      26 |       0 |   0.0
       D:11 |    2645 |     497 |  15.8 |      12 |       4 |  25.0
     Lair:1 |    3828 |       0 |   0.0 |      19 |       0 |   0.0
     Lair:2 |    3436 |    1383 |  28.7 |      14 |       3 |  17.6
     Lair:3 |    9773 |     614 |   5.9 |      30 |       3 |   9.1
            +---------+---------+-------+---------+---------+-------
